 Dungeon Crawl Stone Soup version 0.18-a0-965-g9200175 (webtiles) character file.

8526 filipzpl the Fighter (level 11, -2/111 HPs)
             Began as a Minotaur Fighter on Dec 31, 2015.
             Killed by Ozocubu's Refrigeration
             ... invoked by Fannar
              (13 damage)
             ... on level 10 of the Dungeon on Jan 1, 2016.
             The game lasted 00:20:31 (10659 turns).

filipzpl the Fighter (Minotaur Fighter)            Turns: 10659, Time: 00:20:33

Health: -2/111     AC: 13    Str: 30    XL:     11   Next: 11%
Magic:  10/10      EV:  9    Int:  5    God:
Gold:   524        SH: 10    Dex:  9    Spells: 0 memorised, 10 levels left

rFire  . . .     SeeInvis .     J - +2 war axe (elec)
rCold  . . .     Gourm    .     G - +1 plate armour
rNeg   . . .     Faith    .     c - +0 shield
rPois  .         Spirit   .     (helmet restricted)
rElec  .         Dismiss  .     (no cloak)
rCorr  .         Reflect  .     (no gloves)
SustAt .         Harm     .     D - +0 pair of boots
MR     .....                    (no amulet)
Stlth  ..........               k - +2 ring of evasion
                                j - +2 ring of evasion

@: mighty, not resistant to hostile enchantments, extremely unstealthy
A: retaliatory headbutt, horns 2
a: no special abilities


You were on level 10 of the Dungeon.
You were not hungry.

You visited 2 branches of the dungeon, and saw 11 of its levels.

You collected 524 gold pieces.

Inventory:

Hand Weapons
 J - a +2 war axe of electrocution (weapon)
Armour
 c - a +0 shield (worn)
 D - a +0 pair of boots (worn)
 G - a +1 plate armour (worn)
Jewellery
 j - a +2 ring of evasion (left hand)
 k - a +2 ring of evasion (right hand)
 s - a cursed -5 ring of intelligence {unknown}
 y - a cursed -2 ring of dexterity {unknown}
Wands
 r - a wand of random effects (46/48)
 v - a wand of fire (5/15)
 z - a wand of flame (18/48)
 E - a wand of fireball (4/15)
Scrolls
 a - a scroll of identify
 e - 6 scrolls of remove curse
 g - 2 scrolls of magic mapping
 n - 4 scrolls of recharging
 o - 4 scrolls of enchant weapon
 p - 4 scrolls of fog
Potions
 d - 3 potions of might
 h - a potion of curing
 l - 3 potions of haste {unknown}
 q - a potion of brilliance {unknown}
 u - 2 potions of poison {unknown}
 x - 2 potions of ambrosia {unknown}
 A - 2 potions of berserk rage
 B - 2 potions of mutation {unknown}
 C - 2 potions of lignification {unknown}
Comestibles
 f - 8 bread rations
 i - 4 meat rations
 t - 4 fruits
 w - 4 beef jerkies


   Skills:
 * Level 14.3 Fighting
 * Level 14.1 Axes
 - Level 3.6 Armour
 - Level 3.6 Shields


You had 10 spell levels left.
You didn't know any spells.

Dungeon Overview and Level Annotations

Branches:
Dungeon (10/15)            Temple (1/1) D:7            Lair (0/8) D:9
    Orc: D:9-12

Altars:
Ashenzari
Cheibriados
Dithmenos
Elyvilon
Fedhas
Gozag
Kikubaaqudgha
Makhleb
Nemelex Xobeh
Okawaru
Pakellas
Qazlal
Ru
Sif Muna
Trog
Vehumet
Xom
Yredelemnul
Zin
The Shining One

Shops:
D:8 %

Annotations:
D:8 2 runed doors
D:10 Fannar


Innate Abilities, Weirdness & Mutations

You reflexively headbutt those who attack you in melee.
You have a pair of horns on your head.


Message History

Fannar casts a spell.
Fannar drains the heat from the surrounding environment!
You feel very cold.
* * * LOW HITPOINT WARNING * * *
Fannar is frozen.
Fannar resists.
You block the ice beast's attack. Fannar barely misses you.
Drink which item? (? for menu, Esc to quit)
You feel better. The ice beast barely misses you. You furiously retaliate!
You headbutt the ice beast!
You kill the ice beast!
You block Fannar's attack.
You miss Fannar. Your headbutt misses Fannar.
Fannar is heavily wounded.
Your shield and plate armour prevent you from hitting Fannar.
You headbutt Fannar, but do no damage.
Fannar is heavily wounded.
Fannar casts a spell.
Fannar drains the heat from the surrounding environment!
You feel very cold.
You die...

.#.....#....# ..
.+.....#....# ...
.###..##....#####+##+##...
.. ####...................
... #...................
... #...................
...+ #...................
#.........e.........
.....######@###+##...
......+........#
......#........#
......#........# ...
#######+##


You could see Fannar.

Vanquished Creatures
  Josephine (D:10)
  Erica (D:9)
  An ugly thing (D:8)
  Psyche (D:8)
  Joseph (D:9)
  2 trolls (D:8)
  4 wraiths (D:10)
  A spriggan (D:7)
  A wyvern (D:8)
  A yak (D:8)
  A hippogriff (D:7)
  Menkaure (D:4)
  A water moccasin (D:7)
  2 ice beasts
  2 orc warriors
  2 wasps
  2 sky beasts
  An eye of draining (D:8)
  4 phantoms
  2 ogres
  4 centaurs
  3 big kobolds
  4 giant frogs
  A water moccasin zombie (D:5)
  3 scorpions (D:8)
  7 killer bees
  5 wights (D:6)
  3 jellies
  6 crimson imps
  8 hounds
  An iron imp (D:8)
  A centaur zombie (D:8)
  5 orc priests
  Crazy Yiuf (D:3)
  An orc wizard (D:9)
  3 giant frog skeletons
  2 iguanas
  7 worker ants
  Natasha (D:4)
  A hound zombie (D:6)
  A worker ant zombie (D:6)
  Robin (D:3)
  7 gnolls
  12 adders
  2 shadow imps (D:9)
  An ooze (D:6)
  An adder skeleton (D:8)
  3 worms
  7 giant geckos
  11 orcs
  4 giant cockroaches
  19 goblins
  5 hobgoblins
  10 jackals
  17 kobolds
  3 quokkas
  2 ball pythons
  6 bats
  2 giant gecko skeletons
  9 giant newts
  A jackal skeleton (D:4)
  5 rats
228 creatures vanquished.

Vanquished Creatures (others)
  An adder (D:10)
1 creature vanquished.

Grand Total: 229 creatures vanquished

Notes
Turn   | Place    | Note
--------------------------------------------------------------
     0 | D:1      | filipzpl the Minotaur Fighter began the quest for the Orb.
     0 | D:1      | Reached XP level 1. HP: 19/19 MP: 0/0
   337 | D:1      | Reached skill level 4 in Fighting
   370 | D:1      | Reached XP level 2. HP: 25/27 MP: 1/1
   755 | D:2      | Reached XP level 3. HP: 34/34 MP: 2/2
  1212 | D:2      | Found a deep blue altar of Sif Muna.
  1449 | D:2      | Found a shimmering altar of Xom.
  1583 | D:3      | Reached XP level 4. HP: 41/41 MP: 3/3
  1593 | D:3      | Found a sacrificial altar of Ru.
  1629 | D:3      | Noticed Robin
  1633 | D:3      | Reached skill level 5 in Fighting
  1651 | D:3      | Killed Robin
  1659 | D:3      | Upgraded the game from 0.18-a0-960-g77c8fc5 to 0.18-a0-965-g9200175
  1951 | D:3      | Noticed Crazy Yiuf
  1958 | D:3      | Killed Crazy Yiuf
  1958 | D:3      | Reached XP level 5. HP: 35/48 MP: 4/4
  2095 | D:4      | Reached skill level 5 in Axes
  2237 | D:4      | Found a glowing golden altar of the Shining One.
  2288 | D:4      | Noticed Menkaure
  2296 | D:4      | Killed Menkaure
  2296 | D:4      | Reached skill level 6 in Fighting
  2296 | D:4      | Reached XP level 6. HP: 9/57 MP: 5/5
  2932 | D:4      | Found a white marble altar of Elyvilon.
  2987 | D:4      | Noticed Natasha
  2991 | D:4      | Killed Natasha
  3391 | D:5      | Entered Level 5 of the Dungeon
  3470 | D:5      | Found a stormy altar of Qazlal.
  3523 | D:5      | Reached skill level 7 in Fighting
  3563 | D:5      | Reached XP level 7. HP: 41/66 MP: 6/6
  4531 | D:6      | Reached skill level 8 in Fighting
  4560 | D:6      | Reached XP level 8. HP: 14/75 MP: 7/7
  4950 | D:6      | Reached skill level 9 in Fighting
  5192 | D:6      | Found a basalt altar of Yredelemnul.
  5363 | D:7      | Reached skill level 10 in Fighting
  5373 | D:7      | Reached skill level 10 in Axes
  5380 | D:7      | Reached XP level 9. HP: 13/86 MP: 8/8
  6328 | D:7      | Reached skill level 11 in Fighting
  6374 | D:7      | Found a staircase to the Ecumenical Temple.
  6607 | Temple   | Entered the Ecumenical Temple
  6750 | D:7      | HP: 2/89 [ogre/giant club (26)]
  7873 | D:8      | Noticed Psyche
  7878 | D:8      | Killed Psyche
  7878 | D:8      | Reached skill level 12 in Fighting
  8132 | D:8      | Found Nulefueg's Food Boutique.
  8284 | D:8      | Found a large runed door.
  8284 | D:8      | Found a large runed door.
  8301 | D:8      | Noticed a troll
  8308 | D:8      | Killed a troll
  8308 | D:8      | Reached XP level 10. HP: 52/99 MP: 9/9
  8493 | D:8      | Noticed a purple ugly thing
  8494 | D:8      | Found a large runed door.
  8494 | D:8      | Found a large runed door.
  8501 | D:8      | Killed a purple ugly thing
  8935 | D:8      | Found a snail-covered altar of Cheibriados.
  8955 | D:8      | Reached skill level 13 in Fighting
  9742 | D:9      | Found a staircase to the Lair.
  9763 | D:9      | Noticed Joseph
  9763 | D:9      | Noticed Erica
  9781 | D:9      | Killed Erica
  9783 | D:9      | Killed Joseph
 10323 | D:9      | Found an iron altar of Okawaru.
 10438 | D:9      | Reached skill level 14 in Fighting
 10448 | D:10     | Entered Level 10 of the Dungeon
 10625 | D:10     | Noticed Josephine
 10638 | D:10     | Killed Josephine
 10638 | D:10     | Reached XP level 11. HP: 80/110 MP: 10/10
 10641 | D:10     | Noticed Fannar
 10656 | D:10     | HP: 2/111 [Fannar/Ozocubu's Refrigeration (18)]
 10659 | D:10     | Killed from afar by Fannar

Vault maps used:
D:1:      wheals_arrival_shading
D:2:      xom_butterflies, lemuel_coloured_pillars_altar
D:3:      nicolae_overflow_crystal_walls, first_bread, uniq_robin,
          uniq_crazy_yiuf_cottage
D:4:      elyvilon_altar_4, nicolae_tso_swordbearing_angel, uniq_natasha,
          uniq_menkaure
D:5:      grunt_qazlal_clouds
D:6:      basic_altar, abandoned_shop
D:7:      temple_green, moated_statue, the_bakery
D:8:      slow_altar_1, serial_shops, shop, minmay_hollow_rounded_squares,
          uniq_psyche
D:9:      nicolae_overflow_hidden_temple, lair_0_dummy, uniq_joseph, uniq_erica
D:10:     hangedman_screamer, basic_altar, evilmike_butchery, uniq_josephine,
          uniq_fannar
Temple:   circular_temple_12

Action                   |  1- 3 |  4- 6 |  7- 9 | 10-12 || total
-------------------------+-------+-------+-------+-------++-------
Melee: War axe           |    85 |   114 |   193 |   103 ||   495
       Broad axe         |       |       |   108 |    61 ||   169
  Use: Scroll            |       |    15 |     1 |     3 ||    19
       Potion            |       |       |     3 |     4 ||     7
  Eat: Chunk             |     1 |     5 |     4 |     5 ||    15
       Bread ration      |       |     1 |       |       ||     1
       Meat ration       |       |       |     1 |     1 ||     2
       Fruit             |       |       |     1 |       ||     1
       Pizza             |       |       |     1 |       ||     1
